[ PARTIDA AOE2 · #495985003 ]
UnrankedChinos vs Franks
Equipo del jugador · DERR
Equipo rival · VICT
[ ANÁLISIS DE REPETICIÓN · EXTRAÍDO DE LA PARTIDA GRABADA ]
Feudal
8:37
Castillos
20:12
Imperial
45:51
| APM promedio | 56.0 |
| APM pico | 134 |
| eAPM promedio | 23.6 |
| Aldeanos / militares | 200 / 272 |
Foco
⚔️ 45.4% · 🌾 54.6%
Archer ×138 · Fire Lancer ×83 · Spearman ×21 · Battering Ram ×9 · Chu Ko Nu ×8 · Scout Cavalry ×5
Feudal
11:10
Castillos
21:12
Imperial
41:23
| APM promedio | 49.4 |
| APM pico | 83 |
| eAPM promedio | 27.9 |
| Aldeanos / militares | 241 / 312 |
Foco
⚔️ 44.7% · 🌾 55.3%
Knight ×136 · Scout Cavalry ×48 · Cavalry Archer ×46 · Hand Cannoneer ×32 · Skirmisher ×10 · Spearman ×7
Mapa de la partida
Recursos iniciales + cada clic de construcción. Líneas = muros · curvas = relieve. ◆ oro · ⬟ piedra · ● bayas · ✦ reliquia · ◌ hueco del cierre
Tu base· Abierta — el rival se encerró
Base de Zaccanasta Commissario· ✓ Cerrada en 21:12 · 73t muro · sin puerta
Terreno inicial suavizado · ◌ = hueco del cierre detectado · pasá el cursor para detalles
Inputs por minuto
— Ie cuack - - Zaccanasta Commissario
Build order — Ie cuack
Primeras 150 de 666 acciones detectadas
| 0:02 | Investigar | Loom |
| 0:42 | Crear | Villager (Male) |
| 0:42 | Crear | Villager (Male) |
| 1:07 | Crear | Villager (Male) |
| 1:34 | Crear | Villager (Male) |
| 1:34 | Crear | Villager (Male) |
| 1:59 | Construir | Lumber Camp |
| 2:02 | Crear | Villager (Male) |
| 2:26 | Crear | Villager (Male) |
| 2:50 | Crear | Villager (Male) |
| 2:51 | Crear | Villager (Male) |
| 3:11 | Crear | Villager (Male) |
| 3:41 | Crear | Villager (Male) |
| 3:41 | Crear | Villager (Male) |
| 3:47 | Construir | House |
| 4:00 | Crear | Villager (Male) |
| 4:21 | Construir | Mill |
| 4:32 | Crear | Villager (Male) |
| 4:33 | Crear | Villager (Male) |
| 5:18 | Crear | Villager (Male) |
| 5:54 | Crear | Villager (Male) |
| 6:27 | Investigar | Feudal Age |
| 7:19 | Construir | House |
| 7:42 | Construir | Barracks |
| 8:02 | Crear | Villager (Male) |
| 8:33 | Construir | House |
| 8:37 | Edad | Edad Feudal |
| 8:40 | Construir | Stable |
| 8:42 | Investigar | Double-Bit Axe |
| 8:44 | Crear | Spearman |
| 8:55 | Crear | Villager (Male) |
| 9:11 | Construir | House |
| 9:20 | Crear | Villager (Male) |
| 9:36 | Crear | Scout Cavalry |
| 9:36 | Crear | Scout Cavalry |
| 10:13 | Crear | Scout Cavalry |
| 10:14 | Crear | Villager (Male) |
| 10:17 | Investigar | Horse Collar |
| 10:24 | Construir | Farm |
| 10:28 | Construir | Farm |
| 10:39 | Construir | House |
| 10:52 | Crear | Villager (Male) |
| 10:55 | Construir | Farm |
| 10:57 | Construir | Farm |
| 11:03 | Crear | Scout Cavalry |
| 11:07 | Crear | Villager (Male) |
| 11:14 | Construir | House |
| 11:22 | Crear | Scout Cavalry |
| 11:32 | Crear | Villager (Male) |
| 11:36 | Construir | Archery Range |
| 11:49 | Crear | Villager (Male) |
| 12:05 | Construir | Mining Camp |
| 12:07 | Crear | Villager (Male) |
| 12:19 | Crear | Villager (Male) |
| 12:25 | Construir | House |
| 12:34 | Crear | Villager (Male) |
| 12:35 | Construir | Farm |
| 12:46 | Crear | Villager (Male) |
| 12:48 | Crear | Villager (Male) |
| 12:51 | Construir | Palisade Gate |
| 12:54 | Construir | Palisade Wall |
| 13:00 | Crear | Villager (Male) |
| 13:01 | Construir | Farm |
| 13:06 | Crear | Archer |
| 13:07 | Crear | Archer |
| 13:23 | Crear | Villager (Male) |
| 13:25 | Crear | Villager (Male) |
| 13:30 | Construir | House |
| 13:33 | Construir | Palisade Wall |
| 13:42 | Crear | Archer |
| 13:43 | Crear | Villager (Male) |
| 14:01 | Construir | Farm |
| 14:02 | Crear | Villager (Male) |
| 14:53 | Crear | Archer |
| 14:54 | Crear | Villager (Male) |
| 14:54 | Crear | Villager (Male) |
| 14:58 | Construir | Farm |
| 15:01 | Construir | Farm |
| 15:03 | Construir | Farm |
| 15:04 | Crear | Villager (Male) |
| 15:07 | Crear | Villager (Male) |
| 15:12 | Construir | House |
| 15:21 | Construir | House |
| 15:27 | Construir | Palisade Wall |
| 15:28 | Crear | Villager (Male) |
| 15:30 | Construir | Blacksmith |
| 15:38 | Crear | Archer |
| 15:48 | Crear | Villager (Male) |
| 15:50 | Construir | House |
| 15:55 | Construir | House |
| 15:57 | Construir | Palisade Wall |
| 15:58 | Crear | Villager (Male) |
| 16:02 | Construir | Farm |
| 16:05 | Crear | Archer |
| 16:42 | Construir | Farm |
| 16:46 | Construir | Farm |
| 16:48 | Construir | Farm |
| 16:51 | Construir | House |
| 17:07 | Construir | Farm |
| 17:32 | Investigar | Castle Age |
| 17:38 | Construir | House |
| 17:40 | Construir | Palisade Wall |
| 17:42 | Construir | Palisade Wall |
| 17:59 | Investigar | Fletching |
| 18:03 | Crear | Archer |
| 18:18 | Crear | Archer |
| 18:38 | Investigar | Padded Archer Armor |
| 18:42 | Construir | House |
| 19:14 | Crear | Archer |
| 19:18 | Construir | House |
| 19:24 | Crear | Archer |
| 19:27 | Construir | House |
| 20:12 | Edad | Edad de los Castillos |
| 20:18 | Investigar | Crossbowman (upgrade) |
| 20:19 | Investigar | Bodkin Arrow |
| 20:27 | Crear | Archer |
| 20:27 | Crear | Archer |
| 20:35 | Crear | Villager (Male) |
| 20:36 | Crear | Villager (Male) |
| 20:42 | Construir | Lumber Camp |
| 20:53 | Construir | Siege Workshop |
| 21:00 | Crear | Archer |
| 21:01 | Crear | Archer |
| 21:03 | Construir | House |
| 21:09 | Investigar | Bow Saw |
| 21:10 | Crear | Villager (Male) |
| 21:11 | Investigar | Gold Mining |
| 21:32 | Crear | Villager (Male) |
| 21:33 | Crear | Villager (Male) |
| 21:43 | Crear | Villager (Male) |
| 21:45 | Construir | House |
| 21:47 | Crear | Villager (Male) |
| 21:54 | Construir | University |
| 22:30 | Crear | Archer |
| 22:30 | Crear | Archer |
| 22:35 | Crear | Villager (Male) |
| 22:35 | Crear | Villager (Male) |
| 23:04 | Construir | Monastery |
| 23:05 | Crear | Archer |
| 23:06 | Crear | Archer |
| 23:09 | Construir | Farm |
| 23:12 | Investigar | Ballistics |
| 23:18 | Crear | Iron Pagoda |
| 23:19 | Crear | Villager (Male) |
| 23:19 | Crear | Villager (Male) |
| 23:20 | Crear | Villager (Male) |
| 23:21 | Investigar | Gold Shaft Mining |
| 23:33 | Construir | House |
| 23:35 | Construir | House |
| 23:39 | Crear | Archer |
Build order — Zaccanasta Commissario
Primeras 150 de 776 acciones detectadas
| 0:01 | Crear | Villager (Male) |
| 0:01 | Crear | Villager (Male) |
| 0:01 | Crear | Villager (Male) |
| 0:02 | Construir | House |
| 0:04 | Construir | House |
| 0:22 | Crear | Villager (Male) |
| 0:22 | Crear | Villager (Male) |
| 1:10 | Crear | Villager (Male) |
| 1:50 | Crear | Villager (Male) |
| 1:50 | Crear | Villager (Male) |
| 2:04 | Construir | Lumber Camp |
| 2:20 | Crear | Villager (Male) |
| 2:20 | Crear | Villager (Male) |
| 2:46 | Crear | Villager (Male) |
| 2:57 | Crear | Villager (Male) |
| 2:58 | Crear | Villager (Male) |
| 3:37 | Crear | Villager (Male) |
| 3:37 | Crear | Villager (Male) |
| 3:54 | Construir | House |
| 4:12 | Construir | House |
| 4:17 | Crear | Villager (Male) |
| 4:18 | Crear | Villager (Male) |
| 4:49 | Crear | Villager (Male) |
| 4:49 | Crear | Villager (Male) |
| 5:19 | Construir | Barracks |
| 5:21 | Crear | Villager (Male) |
| 5:45 | Construir | House |
| 5:51 | Crear | Villager (Male) |
| 6:30 | Crear | Militia |
| 6:30 | Crear | Militia |
| 6:51 | Construir | Palisade Wall |
| 7:05 | Crear | Villager (Male) |
| 7:06 | Crear | Villager (Male) |
| 7:08 | Crear | Villager (Male) |
| 7:39 | Construir | Mill |
| 7:41 | Investigar | Loom |
| 7:47 | Construir | House |
| 7:53 | Construir | Palisade Wall |
| 7:55 | Construir | Palisade Wall |
| 7:57 | Construir | Palisade Wall |
| 8:04 | Crear | Villager (Male) |
| 8:08 | Construir | Palisade Wall |
| 8:22 | Construir | Palisade Wall |
| 8:25 | Construir | Palisade Wall |
| 8:47 | Construir | Palisade Wall |
| 9:00 | Investigar | Feudal Age |
| 9:26 | Construir | Palisade Wall |
| 10:21 | Construir | Mining Camp |
| 10:25 | Construir | Farm |
| 10:27 | Construir | Farm |
| 10:50 | Construir | Palisade Wall |
| 11:01 | Construir | Palisade Wall |
| 11:10 | Crear | Villager (Male) |
| 11:10 | Edad | Edad Feudal |
| 11:13 | Crear | Spearman |
| 11:15 | Crear | Villager (Male) |
| 11:22 | Investigar | Double-Bit Axe |
| 11:24 | Crear | Villager (Male) |
| 11:33 | Construir | Farm |
| 11:39 | Crear | Villager (Male) |
| 11:45 | Crear | Villager (Male) |
| 11:48 | Crear | Spearman |
| 12:01 | Crear | Villager (Male) |
| 12:05 | Construir | Farm |
| 12:05 | Crear | Villager (Male) |
| 12:09 | Crear | Villager (Male) |
| 12:15 | Crear | Spearman |
| 12:35 | Crear | Villager (Male) |
| 12:53 | Crear | Villager (Male) |
| 12:58 | Construir | Farm |
| 13:01 | Construir | Farm |
| 13:04 | Construir | Farm |
| 13:11 | Crear | Villager (Male) |
| 13:15 | Crear | Spearman |
| 13:16 | Crear | Villager (Male) |
| 13:19 | Construir | Farm |
| 13:24 | Crear | Villager (Male) |
| 13:48 | Construir | House |
| 13:53 | Crear | Villager (Male) |
| 13:58 | Construir | Farm |
| 14:12 | Construir | Farm |
| 14:22 | Crear | Villager (Male) |
| 14:23 | Crear | Spearman |
| 14:25 | Crear | Villager (Male) |
| 14:51 | Construir | Archery Range |
| 14:52 | Crear | Villager (Male) |
| 14:55 | Construir | Farm |
| 14:58 | Crear | Villager (Male) |
| 15:07 | Construir | House |
| 15:09 | Construir | House |
| 15:17 | Crear | Villager (Male) |
| 15:22 | Crear | Villager (Male) |
| 15:30 | Construir | Lumber Camp |
| 15:33 | Crear | Archer |
| 15:35 | Crear | Skirmisher |
| 16:09 | Crear | Archer |
| 16:29 | Crear | Archer |
| 16:29 | Crear | Skirmisher |
| 16:35 | Construir | Blacksmith |
| 16:44 | Crear | Spearman |
| 16:45 | Crear | Spearman |
| 17:02 | Crear | Skirmisher |
| 17:17 | Crear | Archer |
| 17:20 | Crear | Villager (Male) |
| 17:28 | Investigar | Fletching |
| 17:32 | Crear | Villager (Male) |
| 17:41 | Crear | Villager (Male) |
| 17:55 | Construir | House |
| 18:05 | Construir | Farm |
| 18:05 | Construir | Farm |
| 18:05 | Construir | Farm |
| 18:06 | Construir | Farm |
| 18:10 | Crear | Archer |
| 18:23 | Construir | Farm |
| 18:24 | Investigar | Castle Age |
| 18:32 | Construir | Lumber Camp |
| 18:38 | Crear | Skirmisher |
| 18:48 | Construir | Stable |
| 18:57 | Crear | Skirmisher |
| 19:18 | Construir | Stable |
| 19:23 | Investigar | Scale Barding Armor |
| 19:58 | Crear | Skirmisher |
| 20:08 | Investigar | Gold Mining |
| 20:14 | Construir | Mining Camp |
| 20:24 | Construir | Lumber Camp |
| 20:43 | Crear | Skirmisher |
| 20:55 | Investigar | Forging |
| 21:07 | Construir | House |
| 21:10 | Construir | House |
| 21:12 | Edad | Edad de los Castillos |
| 21:14 | Crear | Knight |
| 21:14 | Crear | Knight |
| 21:26 | Crear | Knight |
| 21:32 | Construir | Siege Workshop |
| 21:43 | Construir | Town Center |
| 21:51 | Crear | Knight |
| 21:56 | Construir | House |
| 21:59 | Construir | House |
| 22:07 | Crear | Knight |
| 22:07 | Crear | Knight |
| 22:12 | Crear | Villager (Male) |
| 22:34 | Crear | Mangonel |
| 22:36 | Crear | Knight |
| 22:41 | Crear | Knight |
| 22:42 | Crear | Knight |
| 23:01 | Crear | Villager (Male) |
| 23:02 | Crear | Villager (Male) |
| 23:03 | Crear | Villager (Male) |
| 23:11 | Construir | House |
| 23:12 | Crear | Villager (Male) |
Cronología de la partida
| 5:19 | Zaccanasta Commissario · first_building Barracks |
| 6:51 | Zaccanasta Commissario · wall_segment Palisade Wall x27 |
| 7:42 | Ie cuack · first_building Barracks |
| 7:53 | Zaccanasta Commissario · wall_segment Palisade Wall x11 |
| 7:55 | Zaccanasta Commissario · wall_segment Palisade Wall x8 |
| 7:57 | Zaccanasta Commissario · wall_segment Palisade Wall x13 |
| 8:08 | Zaccanasta Commissario · wall_segment Palisade Wall x3 |
| 8:22 | Zaccanasta Commissario · wall_segment Palisade Wall x1 |
| 8:25 | Zaccanasta Commissario · wall_segment Palisade Wall x10 |
| 8:37 | Ie cuack · age_up feudal |
| 8:40 | Ie cuack · first_building Stable |
| 8:47 | Zaccanasta Commissario · wall_segment Palisade Wall x1 |
| 9:26 | Zaccanasta Commissario · wall_segment Palisade Wall x1 |
| 10:50 | Zaccanasta Commissario · wall_segment Palisade Wall x1 |
| 11:01 | Zaccanasta Commissario · wall_segment Palisade Wall x1 |
| 11:10 | Zaccanasta Commissario · age_up feudal |
| 11:36 | Ie cuack · first_building Archery Range |
| 12:54 | Ie cuack · wall_segment Palisade Wall x1 |
| 13:33 | Ie cuack · wall_segment Palisade Wall x7 |
| 14:51 | Zaccanasta Commissario · first_building Archery Range |
| 15:27 | Ie cuack · wall_segment Palisade Wall x7 |
| 15:57 | Ie cuack · wall_segment Palisade Wall x5 |
| 17:40 | Ie cuack · wall_segment Palisade Wall x4 |
| 17:42 | Ie cuack · wall_segment Palisade Wall x7 |
| 18:48 | Zaccanasta Commissario · first_building Stable |
| 20:12 | Ie cuack · age_up castle |
| 20:53 | Ie cuack · first_building Siege Workshop |
| 21:12 | Zaccanasta Commissario · age_up castle |
| 21:32 | Zaccanasta Commissario · first_building Siege Workshop |
| 23:04 | Ie cuack · first_building Monastery |
| 23:52 | Ie cuack · wall_segment Palisade Wall x8 |
| 25:54 | Ie cuack · wall_segment Palisade Wall x1 |
| 29:09 | Ie cuack · wall_segment Palisade Wall x1 |
| 29:44 | Zaccanasta Commissario · first_building Monastery |
| 31:19 | Zaccanasta Commissario · first_building Castle |
| 35:05 | Ie cuack · first_market_sell 100 wood |
| 38:05 | Ie cuack · first_building Castle |
| 41:14 | Ie cuack · first_market_buy 100 food |
| 41:23 | Zaccanasta Commissario · age_up imperial |
| 45:51 | Ie cuack · age_up imperial |
| 52:21 | Zaccanasta Commissario · first_market_sell 100 food |
| 61:46 | Ie cuack · resign |
[ ANÁLISIS IA · 1 CRÉDITO ]
¿Qué pasó realmente en esta partida?
Wolo.gg analiza cada decisión: build order, eco, micro, errores típicos por bracket. Análisis personalizado por WhatsApp o Discord en 30 segundos.
Guía civ
Chinos
Perfil
Ie cuack